 Dungeon Crawl Stone Soup version 0.30-a0-779-g7971cf19c3 (webtiles) character file.

Game seed: 4174038354517797518

1 Esekla the Sneak (level 1, -3/11 HPs)
             Began as a Vine Stalker Delver on Feb 17, 2023.
             Killed from afar by a white imp (8 damage)
             ... with a puff of frost
             ... on level 5 of the Dungeon.
             The game lasted 00:02:17 (228 turns).

Esekla the Sneak (Vine Stalker Delver)               Turns: 228, Time: 00:02:18

Health: -3/11      AC:  3    Str: 14    XL:     1   Next: 20%
Magic:  0/2        EV: 11    Int: 10    God:
Gold:   20         SH:  0    Dex: 15    Spells: 0/0 levels left

rFire   . . .      SeeInvis .    a - +0 falchion
rCold   . . .      Faith    .    (no shield)
rNeg    . . .      Spirit   +    b - +0 leather armour
rPois   .          Reflect  .    (no helmet)
rElec   .          Harm     .    (no cloak)
rCorr   .          Rampage  .    (no gloves)
Will    .....                    (no boots)
Stlth   +++                      (no amulet)
HPRegen 0.21/turn                (no ring)
MPRegen 0.08/turn                (no ring)

@: no status effects
A: fangs 2, magic shield, antimagic bite, no potion heal 2
a: no special abilities


You were on level 5 of the Dungeon.
You visited 1 branch of the dungeon, and saw 3 of its levels.

You collected 20 gold pieces.

Inventory:

Hand Weapons
 a - a +0 falchion (weapon)
Armour
 b - a +0 leather armour (worn)
Wands
 g - a wand of digging (3)
Scrolls
 c - a scroll of fog
 d - a scroll of magic mapping
 e - a scroll of enchant armour {unknown}
Potions
 f - a potion of haste
 h - a potion of flight {unknown}


   Skills:
 * Level 2.7 Fighting
 * Level 1.8 Long Blades
 + Level 1.5 Dodging
 - Level 6.0 Stealth
 * Level 0.1 Spellcasting


You couldn't memorise any spells.
You didn't know any spells.
Your spell library was empty.

Dungeon Overview and Level Annotations

Branches:
Dungeon (6/15)
 Temple: D:4-7

Altars:

Shops:
D:5 !=:


Innate Abilities, Weirdness & Mutations

You have extremely sharp teeth.
When hurt, damage is shared between your health and your magic reserves.
Your bite disrupts and absorbs the magic of your enemies.
Potions cannot restore your health.


Message History

Ouch! That really hurt!
The iguana bites you.
* * * LOW HITPOINT WARNING * * *
As you read the scroll of fear, it crumbles to dust.
You assume a fearsome visage.
The iguana looks frightened!
Found a scroll labelled NULEAG QEMO.
You see here a +0 robe.
e - a scroll labelled NULEAG QEMO You see here a +0 robe.
A quokka comes into view.
You start resting.
HP restored.
The helpless quokka fails to defend itself.
You hit the quokka but do no damage. The quokka closely misses you.
You closely miss the quokka. Your bite misses the quokka. The quokka bites you.
You slash the quokka!
You kill the quokka!
You see here a quokka corpse.
Okay, then.
Found 11 gold pieces.
Found Seudij's Jewellery Shoppe.
You now have 20 gold pieces (gained 11).
Found a lumpy emerald potion.
h - a lumpy emerald potion An ufetubus comes into view.
Found 13 gold pieces.
Found Sitipino's Distillery.
A white imp comes into view.
Found a stone staircase leading down.
The white imp shouts!
The white imp gestures at you. The puff of frost hits you!
Ouch! That really hurt!
The white imp barely misses you.
You hit the white imp. Your bite misses the white imp.
The white imp is moderately wounded.
The white imp gestures at you. The puff of frost hits you!
Ouch! That really hurt!
You die...

#.. #.# #.# #.# #.#
#.# #.# #.# #######.#
#.# ........# ### #†#
#######.# #.#########
#.# ##.####........>#
#..
######..........@5...#
###
..........#########..#
##### .#####...## #
#...# .# ##.##
.#..########.#.# .#
### .............#..
.# ..#........##### .#
#..######...#.. .#
####### ∩.. ###.#..
.####.....# . #....


You could see a white imp.

Vanquished Creatures
  A quokka (D:5)
1 creature vanquished.

Notes
Turn   | Place    | Note
-------+----------+-------------------------------------------
     0 | D:5      | Esekla the Vine Stalker Delver began the quest for the Orb.
     0 | D:5      | Reached XP level 1. HP: 11/11 MP: 2/2
    46 | D:6      | Noticed a sky beast
    63 | D:4      | Noticed an iguana
   135 | D:5      | Found Seudij's Jewellery Shoppe.
   215 | D:5      | Found Sitipino's Distillery.
   228 | D:5      | Killed from afar by a white imp

Illustrated notes

Levels and vault maps discovered:
D:4:      nicolae_cairo_tiling_large, layout_loops_ring,
          nicolae_ashenzari_skybound, amcnicky_mini_pool_small,
          nicolae_goblin_pals
D:5:      layout_loops_ring, nicolae_overflow_squiral,
          hellmonk_okawaru_the_only_friend_you_need, minmay_temple_entry_trees,
          serial_shops, shop, nicolae_shop_advertising_works
          [nicolae_subvault_shop_adworks], nicolae_stop_n_shop_1, shop, shop,
          uniq_prince_ribbit1, uniq_ijyb, uniq_pikel
D:6:      layout_basic, serial_shops, nicolae_diamond_shop

Action                     || total
---------------------------++-------
  Melee: Falchion          ||     9
         Bite              ||     1
    Use: Scroll            ||     1
   Stab: Sleeping          ||     1
  Dodge: Dodged            ||     7

Table legend: (Time is in decaauts)
 A = Elapsed time spent in this place.
 B = Non-inter-level travel time spent in this place.
 C = Inter-level travel time spent in this place.
 D = Time resting spent in this place.
 E = Time spent auto-exploring this place.
 F = Levels seen in this place.
 G = Mean time per level.
                   A        B        C        D        E       F      G
               +--------+--------+--------+--------+--------+-----+--------+
         Total |    230 |    230 |      0 |     10 |      0 |   3 |   76.7 |
       Dungeon |    230 |    230 |      0 |     10 |      0 |   3 |   76.7 |
               +--------+--------+--------+--------+--------+-----+--------+

Top non-repeatable levels by time:
     D:5: 213 daAuts
     D:6: 14 daAuts
     D:4: 1 daAuts
